 Dungeon Sprint DCSS version 0.31-a0-4-gefa6de2278 (webtiles) character file.

Game seed: 14955778848834976266

4 sircluck the Trooper (level 1, -4/22 HPs)
             Began as a Hill Orc Fighter on May 4, 2023.
             Slain by a gnoll sergeant
             ... wielding a +0 spear
              (12 damage)
             ... in the Dungeon (Sprint IX: "|||||||||||||||||||||||||||||").
             The game lasted 00:00:07 (35 turns).

sircluck the Trooper (Hill Orc Fighter)               Turns: 35, Time: 00:00:08

Health: -4/22      AC:  7    Str: 18    XL:     1   Next: 60%
Magic:  1/1        EV:  9    Int:  8    God:
Gold:   0          SH:  4    Dex: 10    Spells: 0/0 levels left

rFire   . . .        a - +0 war axe
rCold   . . .        c - +0 buckler
rNeg    . . .        b - +0 scale mail
rPois   .            (no helmet)
rElec   .            (no cloak)
rCorr   .            (no gloves)
SInv    .            (no boots)
Will    .....        (no amulet) Stlth
                     (no ring)
HPRegen 0.23/turn    (no ring)
MPRegen 0.07/turn

%: no teleportation
@: no status effects
A: no striking features
a: no special abilities


You were in the Dungeon.
You visited 1 branch

Inventory:

Hand Weapons
 a - a +0 war axe (weapon)
Armour
 b - a +0 scale mail (worn)
 c - a +0 buckler (worn)
Scrolls
 j - a scroll of blinking
Potions
 d - a potion of might
 e - a potion of curing
 f - a potion of heal wounds
 g - a potion of haste
 h - 2 potions of magic
 i - a potion of berserk rage


   Skills:
 + Level 4.3 Fighting
 + Level 2.9 Axes
 + Level 3.7 Armour
 + Level 3.8 Shields


You couldn't memorise any spells.
You didn't know any spells.
Your spell library was empty.

Dungeon Overview and Level Annotations

Branches:
Dungeon (1/1)

Altars:


Message History

The frilled lizard is heavily wounded.
The frilled lizard barely misses you.
You barely miss the frilled lizard.
The frilled lizard is heavily wounded.
The frilled lizard bites you but does no damage.
You hit the frilled lizard but do no damage.
The frilled lizard is heavily wounded.
The frilled lizard bites you but does no damage.
The frilled lizard barely misses you.
You hit the frilled lizard.
You kill the frilled lizard!
You hit the rat but do no damage. The rat closely misses you.
The rat barely misses you.
You hit the rat.
You kill the rat!
No target in view!
There is an open door to the Dungeon here.
Things that are here:
a +0 club; a rat corpse; a kobold corpse You open the door.
An iguana, a gnoll sergeant, an adder and 2 orcs come into view.
The iguana hisses angrily.
The adder hisses angrily.
The orc shouts! x2
You closely miss the iguana.
The gnoll sergeant hits you from afar with a +0 spear!
The iguana bites you.
You slash the iguana!
The iguana is severely wounded.
The gnoll sergeant hits you from afar with a +0 spear.
The iguana closely misses you.
The iguana bites you but does no damage.
The gnoll sergeant hits you from afar with a +0 spear.
You closely miss the iguana.
The iguana is severely wounded.
The iguana closely misses you. The iguana attacks as you move away!
The iguana barely misses you.
You slash the iguana!
You kill the iguana!
The gnoll sergeant hits you from afar with a +0 spear!
Ouch! That really hurt!
You die... ▓▓▓▓▓▓▓▓▓▓▓▓▓▓▓▓▓▓ ▓<...)..@.gSo.o..+ ▓▓▓▓▓▓▓▓▓▓▓▓▓▓▓▓▓▓

You could see a gnoll sergeant, an adder and 2 orcs.

Vanquished Creatures
  An iguana (D)
  An endoplasm (D)
  2 frilled lizards (D)
  A kobold (D)
  A rat (D)
6 creatures vanquished.

Notes
Turn   | Place    | Note
-------+----------+-------------------------------------------
     0 | D        | sircluck the Hill Orc Fighter began the quest for the Orb.
     0 | D        | Reached XP level 1. HP: 19/19 MP: 1/1
    12 | D        | Reached skill level 4 in Fighting
    29 | D        | Noticed an iguana
    29 | D        | Noticed a gnoll sergeant
    35 | D        | Killed an iguana
    35 | D        | Slain by a gnoll sergeant

Illustrated notes

Levels and vault maps discovered:
D:        linesprint [early_d, line_temple, items_1, d_10, items_2, lair_1,
          lair_end, items_3, orc_1, orc_end, items_4, d_15, swamp_1, shoals_1,
          snake_1, spider_1, d_20, vaults_1, items_5, swamp_end, shoals_end,
          snake_end, spider_end, vaults_end, d_27, items_6, zot_1, zot_end,
          crypt_end, forest_end, elf_end, slime_end, tomb_end, abyss_end,
          pan_hell_end]

Skill      XL: |  1 |
---------------+----+-----
Fighting       | 4 |  4.3
Axes           | |  2.9
Armour         | |  3.7
Shields        | |  3.8

Action                     || total
---------------------------++-------
  Melee: War axe           ||    23
 Armour: Scale mail        ||    11
  Dodge: Dodged            ||    12
  Block: Buckler           ||     2

Table legend: (Time is in decaauts)
 A = Elapsed time spent in this place.
 B = Non-inter-level travel time spent in this place.
 C = Inter-level travel time spent in this place.
 D = Time resting spent in this place.
 E = Time spent auto-exploring this place.
 F = Levels seen in this place.
 G = Mean time per level.
                   A        B        C        D        E       F      G
               +--------+--------+--------+--------+--------+-----+--------+
         Total |     43 |     43 |      0 |      0 |      9 |   1 |   43.0 |
       Dungeon |     43 |     43 |      0 |      0 |      9 |   1 |   43.0 |
               +--------+--------+--------+--------+--------+-----+--------+

Top non-repeatable levels by time:
       D: 43 daAuts
